 Dungeon Crawl Stone Soup version 0.30-a0-1035-g38d5fb2972 (webtiles) character file.

Game seed: 5501314975778160829

704 BlueFish the Sneak (level 7, -1/45 HPs)
             Began as an Octopode Venom Mage on Apr 8, 2023.
             Engulfed by a steam dragon's steam (5 damage)
             ... on level 5 of the Dungeon.
             The game lasted 00:12:55 (6347 turns).

BlueFish the Sneak (Octopode Venom Mage)            Turns: 6347, Time: 00:12:55

Health: -1/45      AC:  1    Str:  9    XL:     7   Next: 67%
Magic:  2/11       EV: 14    Int: 24    God:
Gold:   296        SH:  0    Dex: 18    Spells: 2/12 levels left

rFire   . . .      SeeInvis .      - Unarmed
rCold   . . .      Faith    .    (no shield)
rNeg    . . .      Spirit   .    (helmet restricted)
rPois   .          Reflect  .    (no amulet)
rElec   .          Rampage  .    l - +6 ring of intelligence
rCorr   .                        w - +6 ring of dexterity
Will    .....                    (no ring)
Stlth   ++++                     (no ring)
HPRegen 0.27/turn                (no ring)
MPRegen 0.12/turn                (no ring)
                                 (no ring)
                                 (no ring)

@: no status effects
A: almost no armour, amphibious, 8 rings, camouflage 1, gelatinous body 1,
(nimble swimmer 1), tentacles
a: no special abilities


You were on level 5 of the Dungeon.
You visited 2 branches of the dungeon, and saw 6 of its levels.

You collected 296 gold pieces.

Inventory:

Missiles
 b - 44 stones
 c - 4 boomerangs
 s - 3 poisoned darts
 x - a throwing net
Jewellery
 l - a +6 ring of intelligence (left tentacle)
 w - a +6 ring of dexterity (right tentacle)
Scrolls
 d - a scroll of immolation {unknown}
 e - a scroll of silence {unknown}
 f - a scroll of brand weapon {unknown}
 h - a scroll of torment {unknown}
 i - 2 scrolls of fog {unknown}
 j - 3 scrolls of teleportation
 k - a scroll of noise {unknown}
 m - a scroll of fear {unknown}
 o - a scroll of vulnerability
 q - a scroll of blinking
 t - a scroll of enchant weapon {unknown}
 y - a scroll of poison {unknown}
Potions
 a - a potion of magic
 g - 2 potions of attraction
 n - a potion of brilliance
 p - a potion of cancellation
 r - 2 potions of flight
 u - a potion of invisibility
 v - a potion of heal wounds


   Skills:
 + Level 2.6 Fighting
 + Level 3.6 Dodging
 + Level 5.1 Stealth
 + Level 2.8 Unarmed Combat
 + Level 3.3 Spellcasting
 + Level 3.1 Transmutations
 + Level 5.1 Poison Magic


You had 2 spell levels left.
You knew the following spells:

 Your Spells              Type           Power      Damage    Failure   Level
a - Sting                 Tmut/Pois      92%        1d7       1%          1
b - Poisonous Vapours     Pois/Air       32%        N/A       5%          2
c - Mephitic Cloud        Conj/Pois/Air  12%        N/A       16%         3
d - Lesser Beckoning      Tloc           6%         N/A       16%         2
e - Blink                 Tloc           6%         N/A       16%         2

Your spell library contained the following spells:

 Spells                   Type           Power      Damage    Failure   Level
 Apportation              Tloc           6%         N/A       11%         1
 Necrotise                Necr           12%        1d4       11%         1
 Summon Small Mammal      Summ           12%        N/A       11%         1
 Momentum Strike          Conj/Tloc      6%         3d8       16%         2
 Olgreb's Toxic Radiance  Pois           28%        N/A       13%         4
 Call Canine Familiar     Summ           3%         N/A       32%         3
 Portal Projectile        Hex/Tloc       6%         N/A       32%         3
 Summon Guardian Golem    Hex/Summ       3%         N/A       32%         3
 Tukima's Dance           Hex            3%         N/A       32%         3
 Blade Hands              Tmut           9%         N/A       63%         5


Dungeon Overview and Level Annotations

Branches:
Dungeon (5/15)             Temple (1/1) D:5

Altars:
Ashenzari
Dithmenos
Elyvilon
Fedhas
Hepliaklqana
Kikubaaqudgha
Makhleb
Okawaru
Sif Muna
Trog
Uskayaw
Vehumet
Yredelemnul
Zin
The Shining One

Shops:
D:5 *

Annotations:
D:5 exclusions: ice beast, steam dragon and wyvern


Innate Abilities, Weirdness & Mutations

You cannot wear most types of armour.
You are amphibious.
You can wear up to eight rings at the same time.
Your skin changes colour to match your surroundings (Stealth+).
Your rubbery body absorbs attacks. (AC +1, EV +1)
((You are camouflaged when in or above water. (Stealth+)))
You have tentacles for arms and can constrict up to eight enemies at once.


Message History

The steam dragon is poisoned.
The steam dragon hisses angrily.
Casting: Poisonous Vapours (safe; 5% risk of failure)
Confirm with . or Enter, or press ? or * to list all spells.
Aiming: Poisonous Vapours (safe; 5% risk of failure)
Press: ? - help, Dir - move target, f/p - steam dragon
Aim: a steam dragon (lightly wounded, poisoned) Poisonous vapours surround the steam dragon!
The steam dragon looks even sicker.
Casting: Poisonous Vapours (safe; 5% risk of failure)
Confirm with . or Enter, or press ? or * to list all spells.
Aiming: Poisonous Vapours (safe; 5% risk of failure)
Press: ? - help, Dir - move target, f/p - steam dragon
Aim: a steam dragon (lightly wounded, very poisoned) Poisonous vapours surround the steam dragon!
The steam dragon looks even sicker.
The steam dragon breathes steam at you. The ball of steam hits you!!
There is a stone staircase leading up here.
You're standing in a cloud of steam!
You are engulfed in a cloud of scalding steam.
Casting: Poisonous Vapours (safe; 5% risk of failure)
Confirm with . or Enter, or press ? or * to list all spells.
Aiming: Poisonous Vapours (safe; 5% risk of failure)
Press: ? - help, Dir - move target, f/p - steam dragon
Aim: a steam dragon (moderately wounded, very poisoned) Poisonous vapours surround the steam dragon!
The steam dragon looks even sicker.
Casting: Poisonous Vapours (safe; 5% risk of failure)
Confirm with . or Enter, or press ? or * to list all spells.
Aiming: Poisonous Vapours (safe; 5% risk of failure)
Press: ? - help, Dir - move target, f/p - steam dragon
Aim: a steam dragon (moderately wounded, very poisoned) Poisonous vapours surround the steam dragon!
The steam dragon looks as sick as possible!
The steam dragon breathes steam at you. The ball of steam hits you!!
* * * LOW HITPOINT WARNING * * *
You are engulfed in a cloud of scalding steam.
You die...

#......#.............#.......#.
#......'.............#.......#.
####....###....####+##.##.##).)##
........###....####.##.##'##...##
..........#....#..........)#.....
..........#....#...........#.....
.[........#....'..........<#.....
.)).......#....#...........#.....
......)...#....#@..........#.....
......))..#....#§..........'.....
###.....###..####§..##...###'####
.##...<.###..####D..##...###..###
.#.......#....#.§....>...+.......
.#.......#....#.§........#.......
.#.......'....#..........#.......
.#.......#....#..........#.......
.#.......#....#.D........#.......


You could see a steam dragon (extremely poisoned, catching breath).

Vanquished Creatures
  Prince Ribbit (D:5)
  2 phantoms
  A gnoll bouda (D:5)
  An orc priest (D:3)
  A sleepcap (D:4)
  An orc wizard (D:3)
  An iguana (D:5)
  Robin (D:2)
  6 gnolls (D:5)
  6 adders
  A shadow imp (D:5)
  2 dart slugs
  17 orcs
  3 bats
  3 endoplasms
  2 giant cockroaches
  11 goblins
  9 hobgoblins
  4 kobolds
  4 quokkas
  4 ball pythons
  3 frilled lizards
  6 rats
90 creatures vanquished.

Notes
Turn   | Place    | Note
-------+----------+-------------------------------------------
     0 | D:1      | BlueFish the Octopode Venom Mage began the quest for the
                  | Orb.
     0 | D:1      | Reached XP level 1. HP: 11/11 MP: 3/3
   210 | D:1      | Reached XP level 2. HP: 17/17 MP: 3/5
   213 | D:1      | Learned a level 2 spell: Poisonous Vapours
  1097 | D:2      | Reached XP level 3. HP: 19/22 MP: 6/6
  1101 | D:2      | Learned a level 3 spell: Mephitic Cloud
  1605 | D:2      | Noticed Robin
  1645 | D:2      | Killed Robin
  1729 | D:2      | Reached skill level 1 in Unarmed Combat
  1857 | D:2      | Reached skill level 1 in Fighting
  1857 | D:2      | Reached XP level 4. HP: 23/28 MP: 5/7
  2852 | D:3      | Reached XP level 5. HP: 33/33 MP: 5/8
  3118 | D:3      | Learned a level 2 spell: Lesser Beckoning
  3512 | D:4      | Identified the orb of Adwy {*Rage, Int+4}
  3737 | D:4      | Noticed a phantom
  3840 | D:4      | Killed a phantom
  3841 | D:4      | Reached XP level 6. HP: 15/39 MP: 8/10
  4297 | D:4      | Learned a level 2 spell: Blink
  4541 | D:5      | Entered Level 5 of the Dungeon
  4611 | D:5      | Noticed an ice beast
  4806 | D:5      | Noticed Prince Ribbit
  4827 | D:5      | Noticed a steam dragon
  5019 | D:5      | Noticed a wyvern
  5215 | D:5      | Found a staircase to the Ecumenical Temple.
  5223 | Temple   | Entered the Ecumenical Temple
  5460 | D:5      | Killed Prince Ribbit
  5461 | D:5      | Reached XP level 7. HP: 9/45 MP: 11/11
  5661 | D:5      | Reached skill level 5 in Stealth
  5661 | D:5      | Reached skill level 5 in Poison Magic
  5965 | D:5      | Found Qovau's CLEARANCE SALE!.
  6347 | D:5      | Engulfed by a steam dragon's steam

Illustrated notes

Levels and vault maps discovered:
D:1:      minmay_arrival_cross, layout_loops_ring
D:2:      layout_basic, uniq_robin
D:3:      layout_basic
D:4:      layout_layer_cave, chequers_serial_rivers_large_a, minmay_hedge_maze,
          nicolae_kite_square_tiling_tiny, nicolae_titane
D:5:      layout_gridville, minmay_temple_entry_junction,
          nicolae_shop_clearance, uniq_prince_ribbit1
Temple:   hellmonk_temple_two_chambers

Skill      XL: |  1  2  3  4  5  6  7 |
---------------+----------------------+-----
Stealth        | 3 4 5 |  5.1
Unarmed Combat | 1 2 |  2.8
Fighting       | 1 2 |  2.6
Poison Magic   | 4 5 |  5.1
Transmutations | 2 3 |  3.1
Dodging        | 3 |  3.6
Spellcasting   | 3 |  3.3

Action                     |  1- 3 |  4- 6 |  7- 9 || total
---------------------------+-------+-------+-------++-------
  Melee: Unarmed           |    52 |   128 |    18 ||   198
         Constrict         |    17 |    24 |       ||    41
         Tentacles         |    12 |    29 |     4 ||    45
         Punch             |     1 |     5 |     2 ||     8
   Cast: Sting             |    28 |    37 |     6 ||    71
         Poisonous Vapours |     8 |    49 |    20 ||    77
    Use: Scroll            |       |     5 |     4 ||     9
         Potion            |       |     3 |       ||     3
   Stab: Sleeping          |     1 |     1 |       ||     2
 Armour: Skin              |     2 |     5 |       ||     7
  Dodge: Dodged            |    24 |    47 |     6 ||    77

Table legend: (Time is in decaauts)
 A = Elapsed time spent in this place.
 B = Non-inter-level travel time spent in this place.
 C = Inter-level travel time spent in this place.
 D = Time resting spent in this place.
 E = Time spent auto-exploring this place.
 F = Levels seen in this place.
 G = Mean time per level.
                   A        B        C        D        E       F      G
               +--------+--------+--------+--------+--------+-----+--------+
         Total |   6319 |   6169 |    150 |     29 |   5194 |   6 | 1053.2 |
       Dungeon |   6302 |   6152 |    150 |     29 |   5194 |   5 | 1260.4 |
        Temple |     17 |     17 |      0 |      0 |      0 |   1 |   17.0 |
               +--------+--------+--------+--------+--------+-----+--------+

Top non-repeatable levels by time:
     D:5: 1752 daAuts
     D:4: 1430 daAuts
     D:3: 1199 daAuts
     D:1: 986 daAuts
     D:2: 932 daAuts
  Temple: 17 daAuts
